 Dungeon Crawl Stone Soup version 0.28.0-53-g5a82cb258f (webtiles) character file.

Game seed: 6389619547743055344

44 Eitelfritz the Skirmisher (level 3, -1/33 HPs)
             Began as a Hill Orc Fighter on July 17, 2022.
             Slain by a gnoll
             ... wielding a +0 halberd
              (8 damage)
             ... on level 2 of the Dungeon.
             The game lasted 00:01:23 (1184 turns).

Eitelfritz the Skirmisher (Hill Orc Fighter)        Turns: 1184, Time: 00:01:23

Health: -1/33      AC:  7    Str: 20    XL:     3   Next: 62%
Magic:  3/3        EV:  9    Int:  8    God:
Gold:   87         SH:  4    Dex: 10    Spells: 2/2 levels left

rFire   . . .      SeeInvis .   a - +0 war axe
rCold   . . .      Faith    .   c - +0 buckler
rNeg    . . .      Spirit   .   i - +0 scale mail
rPois   .          Reflect  .   (no helmet)
rElec   .          Harm     .   (no cloak)
rCorr   .          Rampage  .   (no gloves)
Will    .....                   (no boots)
Stlth   ..........              h - amulet of regeneration
HPRegen 0.91/turn               (no ring)
MPRegen 0.08/turn               (no ring)

@: no status effects
A: no striking features
a: no special abilities


You were on level 2 of the Dungeon.
You visited 1 branch of the dungeon, and saw 2 of its levels.

You collected 87 gold pieces.

Inventory:

Hand Weapons
 a - a +0 war axe (weapon)
 b - a +0 hunting sling
Missiles
 e - 5 poisoned darts (quivered)
Armour
 c - a +0 buckler (worn)
 i - a +0 scale mail (worn)
Jewellery
 h - an amulet of regeneration (around neck)
Scrolls
 f - a scroll of enchant weapon {unknown}
Potions
 d - a potion of might
 g - 3 potions of curing {unknown}


   Skills:
 + Level 4.2 Fighting
 + Level 3.5 Axes
 + Level 3.8 Armour
 + Level 3.6 Shields


You had 2 spell levels left.
You didn't know any spells.
Your spell library was empty.

Dungeon Overview and Level Annotations

Branches:
Dungeon (2/15)

Altars:

Shops:
D:1 =


Message History

The endoplasm is heavily wounded.
The endoplasm freezes you.
You are frozen.
You slash the endoplasm!
You kill the endoplasm!
HP restored.
You now have 81 gold pieces (gained 9).
You now have 87 gold pieces (gained 6).
Found a club.
Found a stone staircase leading down.
There is a stone staircase leading down here.
A gnoll comes into view. It is wielding a +0 spear.
The gnoll shouts!
You hear a shout!
You hear an angry hiss.
The gnoll throws a stone.
The stone barely misses you.
A gnoll comes into view. It is wielding a +0 halberd.
A gnoll comes into view. It is wielding a +0 halberd.
A gnoll comes into view. It is wielding a +0 halberd.
The gnoll shouts! x2
The gnoll hits you from afar with a +0 spear.
A frilled lizard comes into view.
You block the gnoll's attack. The gnoll hits you with a +0 spear.
You closely miss the gnoll. The gnoll barely misses you.
The gnoll hits you with a +0 spear.
You slash the gnoll!
You kill the gnoll!
The gnoll throws a throwing net.
You block the throwing net. The gnoll barely misses you.
The gnoll hits you with a +0 halberd.
Things that are here:
a +0 spear; 20 stones; a gnoll corpse You barely miss the gnoll.
The gnoll hits you but does no damage. The gnoll misses you.
You closely miss the gnoll. The gnoll closely misses you.
The gnoll barely misses you.
The gnoll hits you from afar with a +0 halberd!
The gnoll hits you with a +0 halberd!
* * * LOW HITPOINT WARNING * * *
You hit the gnoll but do no damage. The gnoll closely misses you. x2
You slash the gnoll!
You kill the gnoll!
The gnoll hits you from afar with a +0 halberd!
You die...

##...###.###########
#............).. #
##..>###.#######
##.## #.# #.# #.#
#.# #.# #.# #.# #(#
#.# #@# #.# #)# #g#
.g. ... ..... .....
.......


You could see 2 gnolls.

Vanquished Creatures
  3 gnolls
  3 ball pythons (D:1)
  7 endoplasms
  2 giant cockroaches (D:1)
  3 hobgoblins (D:1)
  2 quokkas (D:1)
  3 bats (D:1)
  A goblin (D:1)
24 creatures vanquished.

Notes
Turn   | Place    | Note
-------+----------+-------------------------------------------
     0 | D:1      | Eitelfritz the Hill Orc Fighter began the quest for the
                  | Orb.
     0 | D:1      | Reached XP level 1. HP: 19/19 MP: 1/1
   191 | D:1      | Reached XP level 2. HP: 15/27 MP: 2/2
   458 | D:1      | Found Wustin's Jewellery Boutique.
   467 | D:1      | Reached skill level 4 in Fighting
   505 | D:1      | Reached XP level 3. HP: 33/33 MP: 3/3
   956 | D:1      | Found a faded altar of an unknown god.
  1184 | D:2      | Slain by a gnoll

Illustrated notes

Levels and vault maps discovered:
D:1:      psy_arrival_fountain, layout_basic,
          hellmonk_ecumenical_altar_crossroads, serial_shops, shop_fountains
D:2:      layout_loops_ring

Skill      XL: |  1  2 |
---------------+-------+-----
Axes           | 3 |  3.5
Fighting       | 4 |  4.2
Armour         | |  3.8
Shields        | |  3.6

Action                   || total
-------------------------++-------
Melee: War axe           ||    52
Armor: Scale mail        ||    22
Dodge: Dodged            ||    34
Block: Buckler           ||     7
